Condors vs Gulls
(R1)
Created - November 23, 2024 at 22:18
Goals
|
Condors |
1 |
1 |
2 |
4 |
Gulls |
3 |
2 |
2 |
7 |
|
Shots
|
Condors |
6 |
11 |
16 |
33 |
Gulls |
10 |
20 |
6 |
36 |
|
1st period
1. Gulls , Anton Blidh 6 (Logan Brown 11) at 9:28
2. Gulls , Sergey Tolchinsky 7 (Morgan Frost 6) at 18:52
3. Condors , Tyson Jost 7 (Adam Erne 12, Alexandre Carrier 11) at 19:02
4. Gulls , Sergey Tolchinsky 8 (Logan Brown 12, Jakub Vrana 5) at 19:36
Penalties :
Philip Broberg (Bak) for Slashing (Minor) at 14:08
2nd period
5. Gulls , Morgan Frost 2 (Dean Kukan 2, Sergey Tolchinsky 3) at 7:11 (PP)
6. Gulls , Jakub Vrana 4 (Logan Brown 13, Anton Blidh 5) at 7:21
7. Condors , Martin Frk 7 (Adam Erne 13, Nick Shore 16) at 18:20 (PP)
Penalties :
Mikhail Maltsev (S.D) for Delaying the game (Minor) at 2:43, Ryan McLeod (Bak) for Roughing (Minor) at 5:39, Sergey Tolchinsky (S.D) for Hooking (Minor) at 8:34, Martin Frk (Bak) for Tripping (Minor) at 8:38, Logan Brown (S.D) for Holding (Minor) at 18:16
3rd period
8. Gulls , Troy Terry 3 (Logan Brown 14, Dylan DeMelo 4) at 14:27
9. Gulls , Troy Terry 4 (Tarmo Reunanen 4) at 16:47
10. Condors , Gustav Olofsson 2 (Adam Erne 14, Alexander Alexeyev 5) at 19:14
11. Condors , Nick Shore 7 (Martin Frk 4, Yegor Sharangovich 8) at 19:50
Penalties :
Morgan Frost (S.D) for Tripping (Minor) at 9:19, Adam Erne (Bak) for Hooking (Minor) at 17:06
Goalie Stats
Jaxson Stauber (Bak), 14 saves from 17 shots - (0.824), L, 3-1-0, 32:49 minutes
Stuart Skinner (Bak), 15 saves from 19 shots - (0.789), 27:11 minutes
Louis Domingue (S.D), 29 saves from 33 shots - (0.879), W, 5-5-2, 60:00 minutes
Players Stats for Condors
Player Name G A P +/- PIM S H SB GA TA FO MP PP MP PK MP
------------------------------------------------------------------------------------
Adam Erne 0 3 3 0 2 4 1 0 3 0 1/2 22:38 2:24 2:07
Alexander Alexeyev 0 1 1 2 0 0 0 3 0 0 0/0 20:02 1:29 2:17
Alexandre Carrier 0 1 1 -1 0 4 5 3 0 1 0/0 28:19 2:37 3:05
Cody Glass 0 0 0 -2 0 0 0 0 0 1 0/0 10:54 0:00 0:00
Connor Hurley 0 0 0 -2 0 0 0 0 0 0 0/4 10:54 0:00 0:00
Evan Bouchard 0 0 0 -1 0 4 1 2 2 1 0/0 25:40 2:37 3:17
Gustav Olofsson 1 0 1 1 0 1 1 1 0 0 0/0 20:39 1:29 2:17
Jordan Subban 0 0 0 -3 0 1 1 3 0 1 0/0 11:02 0:00 0:12
Klim Kostin 0 0 0 -1 0 1 2 1 0 1 0/0 17:30 1:42 2:00
Martin Frk 1 1 2 -1 2 4 3 1 0 1 0/1 15:34 2:23 0:00
Nick Shore 1 1 2 -1 0 6 1 1 0 0 12/22 19:10 2:24 3:08
Nikolai Knyzhov 0 0 0 -3 0 0 2 1 0 1 0/0 10:19 0:00 0:00
Philip Broberg 0 0 0 -1 2 0 0 0 0 0 0/0 4:24 0:00 0:00
Pontus Holmberg 0 0 0 0 0 0 1 0 0 0 0/0 6:38 0:00 0:00
Raphael Lavoie 0 0 0 0 0 1 0 0 0 0 0/0 6:38 0:00 0:00
Ryan McLeod 0 0 0 0 2 1 0 0 0 0 0/1 8:07 0:00 1:02
Taro Hirose 0 0 0 -2 0 2 3 0 1 0 0/1 12:43 0:00 0:55
Tyson Jost 1 0 1 0 0 3 2 1 0 0 13/26 20:44 1:42 0:46
Yegor Sharangovich 0 1 1 0 0 1 0 0 1 2 2/3 20:32 1:42 1:10
Players Stats for Gulls
Player Name G A P +/- PIM S H SB GA TA FO MP PP MP PK MP
------------------------------------------------------------------------------------
Andrei Mironov 0 0 0 1 0 0 3 6 1 1 0/0 28:31 4:09 2:08
Anton Blidh 1 1 2 0 0 3 3 1 3 0 4/8 22:55 2:46 2:29
Barrett Hayton 0 0 0 -1 0 0 0 0 0 0 1/1 9:10 0:01 0:36
Connor Clifton 0 0 0 0 0 0 0 0 0 0 0/0 13:30 0:42 0:03
Dean Kukan 0 1 1 0 0 1 0 2 1 2 0/0 28:21 4:09 2:08
Dylan DeMelo 0 1 1 2 0 0 2 2 0 2 0/0 20:49 1:25 1:58
Henri Ikonen 0 0 0 2 0 0 2 0 0 0 0/0 12:29 0:02 0:53
Jack Glover 0 0 0 1 0 0 1 1 0 1 0/0 17:20 0:43 1:55
Jakub Vrana 1 1 2 0 0 4 3 0 1 1 1/1 19:25 2:46 0:00
Logan Brown 0 4 4 0 2 4 2 2 0 0 15/32 22:56 2:46 2:32
Luke Kunin 0 0 0 2 0 4 2 0 0 0 1/4 10:57 0:00 0:00
Mikhail Maltsev 0 0 0 -1 2 2 2 0 0 0 0/0 8:20 0:00 0:00
Morgan Frost 1 1 2 2 2 4 1 1 0 0 7/10 16:10 2:46 0:24
Nick Merkley 0 0 0 -1 0 1 1 0 0 0 0/0 8:20 0:00 0:00
Scott Wilson 0 0 0 2 0 3 0 1 2 0 1/1 15:07 2:47 0:00
Sergey Tolchinsky 2 1 3 2 2 4 1 0 0 0 2/3 16:26 2:47 1:18
Tarmo Reunanen 0 1 1 2 0 2 0 1 0 0 0/0 11:29 0:00 0:00
Troy Terry 2 0 2 2 0 4 1 0 1 0 0/0 11:40 0:01 0:00
3 Stars
1 - Sergey Tolchinsky (S.D)
2 - Troy Terry (S.D)
3 - Logan Brown (S.D)
Power Play
Condors - 1 on 4 Attempt(s) - 25.00%
Gulls - 1 on 4 Attempt(s) - 25.00%
Penalty Kill
Condors - 3 on 4 Attempt(s) - 75.00%
- Score 0 goal in Penalty Kill
Gulls - 3 on 4 Attempt(s) - 75.00%
- Score 0 goal in Penalty Kill
Team Stat
Condors - Hits : 23 - Faceoff Wins : 28 - Blocked Shots : 17 - Penalty Minutes : 8
Gulls - Hits : 24 - Faceoff Wins : 32 - Blocked Shots : 17 - Penalty Minutes : 8
Official
Referees : Dan Kelly and Marc Joannette
Linesman : Shandor Alphonso and Ryan Daisy
Game Notes
Jaxson Stauber enters game at 7:11 of 2nd period
Jack Glover is injured at 10:41 of 3rd period (Torn Right Knee Ligaments)
Finance
Level 1 -- Attendance: 1722 (86.10%) -- Ticket Income $120,540
Level 2 -- Attendance: 913 (91.30%) -- Ticket Income $36,520
Total Attendance: 2635 (87.83%)
Total Ticket Income: $157,060
Other Income: $7,853
Total Income: $164,913
Condors
5 vs 5 Forward
Center Left Wing Right Wing Time % Phy DF OF
1 Tyson Jost Adam Erne Yegor Sharangovich 40 1 2 2
2 Nick Shore Klim Kostin Martin Frk 30 1 2 2
3 Connor Hurley Taro Hirose Cody Glass 20 1 2 2
4 Ryan McLeod Raphael Lavoie Pontus Holmberg 10 1 2 2
5 vs 5 Defense
Defense Defense Time % Phy DF OF
1 Alexandre Carrier Evan Bouchard 40 1 2 2
2 Gustav Olofsson Alexander Alexeyev 30 1 2 2
3 Jordan Subban Nikolai Knyzhov 20 1 2 2
4 Philip Broberg Alexandre Carrier 10 1 2 2
PowerPlay Forward
Center Left Wing Right Wing Time % Phy DF OF
1 Nick Shore Adam Erne Martin Frk 60 1 2 2
2 Tyson Jost Klim Kostin Yegor Sharangovich 40 1 2 2
PowerPlay Defense
Defense Defense Time % Phy DF OF
1 Alexandre Carrier Evan Bouchard 60 1 2 2
2 Gustav Olofsson Alexander Alexeyev 40 1 2 2
Penalty Kill 4 Players Forward
Center Wing Time % Phy DF OF
1 Nick Shore Adam Erne 60 1 2 2
2 Tyson Jost Klim Kostin 40 1 2 2
Penalty Kill 4 Players Defense
Defense Defense Time % Phy DF OF
1 Alexandre Carrier Evan Bouchard 60 1 2 2
2 Gustav Olofsson Alexander Alexeyev 40 1 2 2
Penalty Kill - 3 Players Forward
Forward Time % Phy DF OF
1 Nick Shore 60 1 2 2
2 Tyson Jost 40 1 2 2
Penalty Kill - 3 Players Defense
Defense Defense Time % Phy DF OF
1 Alexandre Carrier Evan Bouchard 60 1 2 2
2 Gustav Olofsson Alexander Alexeyev 40 1 2 2
4 vs 4 Forward
Center Wing Time % Phy DF OF
1 Nick Shore Adam Erne 60 1 2 2
2 Tyson Jost Klim Kostin 40 1 2 2
4 vs 4 Defense
Defense Defense Time % Phy DF OF
1 Alexandre Carrier Evan Bouchard 60 1 2 2
2 Gustav Olofsson Alexander Alexeyev 40 1 2 2
Last Minutes Offensive
Center Left Wing Right Wing Defense Defense
Nick Shore Adam Erne Martin Frk Alexandre Carrier Evan Bouchard
Last Minutes Defensive
Center Left Wing Right Wing Defense Defense
Nick Shore Adam Erne Martin Frk Alexandre Carrier Evan Bouchard
Goaltenders
Starting : Stuart Skinner
Backup : Jaxson Stauber
Extra Forwards
Normal : Yegor Sharangovich, Klim Kostin, Taro Hirose - PP : Yegor Sharangovich, Klim Kostin - PK : Yegor Sharangovich
Extra Defensemen
Normal : Jordan Subban, Nikolai Knyzhov, Philip Broberg - PP : Jordan Subban - PK : Jordan Subban, Nikolai Knyzhov
Penalty Shots
Adam Erne, Martin Frk, Nick Shore, Tyson Jost, Yegor Sharangovich
Custom OT Lines Forwards
Adam Erne, Martin Frk, Nick Shore, Tyson Jost, Yegor Sharangovich, Klim Kostin, Taro Hirose, Cody Glass, Connor Hurley, Pontus Holmberg
Custom OT Lines Defensemen
Alexandre Carrier, Evan Bouchard, Gustav Olofsson, Alexander Alexeyev, Jordan Subban
Scratches
Cole Cassels (Healthy), Colin White (Healthy), Semyon Der-Arguchintsev (Healthy), Jeremy Gregoire (Healthy), Robin Salo (Healthy)
Filip Kral (Healthy), Brayden Pachal (Healthy), Remi Elie (Healthy), Filip Johansson (Healthy), Lucas Johansen (Healthy)
Cole Fonstad (Healthy), Jack Perbix (Healthy), Filip Cederqvist (Healthy), Michael Dipietro (Healthy)
Gulls
5 vs 5 Forward
Center Left Wing Right Wing Time % Phy DF OF
1 Logan Brown Anton Blidh Jakub Vrana 40 0 2 3
2 Morgan Frost Sergey Tolchinsky Scott Wilson 30 0 2 3
3 Luke Kunin Henri Ikonen Troy Terry 20 0 2 3
4 Barrett Hayton Mikhail Maltsev Nick Merkley 10 0 2 3
5 vs 5 Defense
Defense Defense Time % Phy DF OF
1 Dean Kukan Andrei Mironov 40 0 2 3
2 Dylan DeMelo Jack Glover 30 0 3 2
3 Connor Clifton Tarmo Reunanen 20 0 2 3
4 Dean Kukan Andrei Mironov 10 0 2 3
PowerPlay Forward
Center Left Wing Right Wing Time % Phy DF OF
1 Logan Brown Anton Blidh Jakub Vrana 60 0 1 4
2 Morgan Frost Sergey Tolchinsky Scott Wilson 40 0 1 4
PowerPlay Defense
Defense Defense Time % Phy DF OF
1 Dean Kukan Andrei Mironov 60 0 2 3
2 Dylan DeMelo Jack Glover 40 0 2 3
Penalty Kill 4 Players Forward
Center Wing Time % Phy DF OF
1 Logan Brown Anton Blidh 60 0 4 1
2 Morgan Frost Sergey Tolchinsky 40 0 4 1
Penalty Kill 4 Players Defense
Defense Defense Time % Phy DF OF
1 Dean Kukan Andrei Mironov 60 0 4 1
2 Dylan DeMelo Jack Glover 40 0 4 1
Penalty Kill - 3 Players Forward
Forward Time % Phy DF OF
1 Logan Brown 60 0 5 0
2 Morgan Frost 40 0 5 0
Penalty Kill - 3 Players Defense
Defense Defense Time % Phy DF OF
1 Dean Kukan Andrei Mironov 60 0 5 0
2 Dylan DeMelo Jack Glover 40 0 5 0
4 vs 4 Forward
Center Wing Time % Phy DF OF
1 Logan Brown Anton Blidh 60 0 2 3
2 Morgan Frost Sergey Tolchinsky 40 0 2 3
4 vs 4 Defense
Defense Defense Time % Phy DF OF
1 Dean Kukan Andrei Mironov 60 0 2 3
2 Dylan DeMelo Jack Glover 40 0 2 3
Last Minutes Offensive
Center Left Wing Right Wing Defense Defense
Logan Brown Anton Blidh Jakub Vrana Dean Kukan Andrei Mironov
Last Minutes Defensive
Center Left Wing Right Wing Defense Defense
Logan Brown Anton Blidh Jakub Vrana Dean Kukan Andrei Mironov
Goaltenders
Starting : Louis Domingue
Backup : Eamon McAdam
Extra Forwards
Normal : Sergey Tolchinsky, Troy Terry, Morgan Frost - PP : Sergey Tolchinsky, Troy Terry - PK : Sergey Tolchinsky
Extra Defensemen
Normal : Jack Glover, Connor Clifton, Tarmo Reunanen - PP : Jack Glover - PK : Jack Glover, Connor Clifton
Penalty Shots
Jakub Vrana, Logan Brown, Scott Wilson, Anton Blidh, Sergey Tolchinsky
Custom OT Lines Forwards
Jakub Vrana, Logan Brown, Scott Wilson, Anton Blidh, Sergey Tolchinsky, Troy Terry, Morgan Frost, Nick Merkley, Henri Ikonen, Mikhail Maltsev
Custom OT Lines Defensemen
Dean Kukan, Andrei Mironov, Dylan DeMelo, Jack Glover, Connor Clifton
Scratches
Branden Troock (Healthy), Damien Giroux (Healthy), Jake Pivonka (Healthy), Francis Perron (Healthy), Ryan Collins (Healthy)
Taylor Leier (Healthy), MacKenzie Entwistle (Healthy), Zack MacEwen (Healthy), Niklas Nordgren (Healthy), John Beecher (Healthy)
Massimo Rizzo (Healthy), Markus Niemelainen (Healthy), Drew Helleson (Healthy), Pavel Dorofeyev (Healthy), Alexis Gravel (Healthy)
Connor Ingram (Healthy), Mads Sogaard (Healthy)
% Time on Ice - Condors
Lines # - Real PCT - Wanted PCT - Time Play
Normal Forward
1 - 36% - 40% - 17:35
2 - 27% - 30% - 13:18
3 - 23% - 20% - 10:54
4 - 14% - 10% - 6:38
Normal Defense
1 - 38% - 40% - 18:31
2 - 32% - 30% - 15:36
3 - 21% - 20% - 10:19
4 - 8% - 10% - 3:59
PP Forward
1 - 59% - 60% - 2:24
2 - 41% - 40% - 1:42
PP Defense
1 - 64% - 60% - 2:37
2 - 36% - 40% - 1:29
PK Forward
1 - 86% - 60% - 4:48
2 - 14% - 40% - 0:46
PK Defense
1 - 59% - 60% - 3:17
2 - 41% - 40% - 2:17
PK3 Forward
1 - 0% - 60%
2 - 0% - 40%
PK3 Defense
1 - 0% - 60%
2 - 0% - 40%
44 Forward
1 - 74% - 60% - 1:25
2 - 26% - 40% - 0:30
44 Defense
1 - 65% - 60% - 1:15
2 - 35% - 40% - 0:40
Last Minute Offensive - 0:00
Last Minute Defensive - 0:00
Total
Forward - 60:00
Defense - 60:00
|
% Time on Ice - Gulls
Lines # - Real PCT - Wanted PCT - Time Play
Normal Forward
1 - 34% - 40% - 16:40
2 - 26% - 30% - 12:28
3 - 23% - 20% - 10:57
4 - 17% - 10% - 8:20
Normal Defense
1 - 40% - 40% - 19:10
2 - 35% - 30% - 16:45
3 - 22% - 20% - 10:50
4 - 3% - 10% - 1:40
PP Forward
1 - 50% - 60% - 2:47
2 - 50% - 40% - 2:47
PP Defense
1 - 75% - 60% - 4:09
2 - 25% - 40% - 1:25
PK Forward
1 - 82% - 60% - 3:22
2 - 18% - 40% - 0:44
PK Defense
1 - 52% - 60% - 2:08
2 - 48% - 40% - 1:58
PK3 Forward
1 - 0% - 60%
2 - 0% - 40%
PK3 Defense
1 - 0% - 60%
2 - 0% - 40%
44 Forward
1 - 83% - 60% - 1:36
2 - 17% - 40% - 0:19
44 Defense
1 - 64% - 60% - 1:14
2 - 36% - 40% - 0:41
Last Minute Offensive - 0:00
Last Minute Defensive - 0:00
Total
Forward - 60:00
Defense - 60:00
|
Play-by-Play
1st period
0:01 of 1st period - Logan Brown wins face-off versus Tyson Jost in neutral zone.
1:10 of 1st period - Wrist shot by Nick Merkley.
1:10 of 1st period - Stopped by Stuart Skinner with a rebound.
1:30 of 1st period - Snap shot by Jakub Vrana.
1:30 of 1st period - Shot Misses the Net.
1:32 of 1st period - Slapshot by Jakub Vrana.
1:32 of 1st period - Shot Blocked by Jordan Subban.
3:14 of 1st period - Off-side.
3:15 of 1st period - Morgan Frost wins face-off versus Connor Hurley in neutral zone.
3:18 of 1st period - Wrist shot by Scott Wilson.
3:18 of 1st period - Shot Blocked by Gustav Olofsson.
3:45 of 1st period - Wrist shot by Martin Frk.
3:45 of 1st period - Shot Misses the Net.
3:51 of 1st period - Nick Shore is hit by Jack Glover.
4:03 of 1st period - Raphael Lavoie is hit by Luke Kunin and loses puck.
4:11 of 1st period - Slapshot by Evan Bouchard.
4:11 of 1st period - Shot Blocked by Jack Glover.
4:29 of 1st period - Snap shot by Scott Wilson.
4:29 of 1st period - Stopped by Stuart Skinner with a rebound.
4:31 of 1st period - Backhand shot by Dylan DeMelo.
4:31 of 1st period - Shot Misses the Net.
4:45 of 1st period - Slapshot by Anton Blidh.
4:45 of 1st period - Shot Blocked by Martin Frk.
4:53 of 1st period - Logan Brown is hit by Alexandre Carrier and loses puck.
5:31 of 1st period - Mikhail Maltsev is hit by Nikolai Knyzhov and loses puck.
5:46 of 1st period - Scott Wilson is hit by Klim Kostin and loses puck.
6:35 of 1st period - Tyson Jost is hit by Sergey Tolchinsky and loses puck.
6:44 of 1st period - Wrist shot by Tyson Jost.
6:44 of 1st period - Shot Misses the Net.
6:47 of 1st period - Icing by Connor Clifton.
6:48 of 1st period - Nick Shore wins face-off versus Morgan Frost in Gulls zone.
6:51 of 1st period - Wrist shot by Nick Shore.
6:51 of 1st period - Stopped by Louis Domingue without a rebound.
6:52 of 1st period - Jakub Vrana wins face-off versus Nick Shore in Gulls zone.
7:08 of 1st period - Snap shot by Anton Blidh.
7:08 of 1st period - Shot Misses the Net.
7:24 of 1st period - Wrist shot by Adam Erne.
7:24 of 1st period - Stopped by Louis Domingue with a rebound.
7:58 of 1st period - Ryan McLeod is hit by Nick Merkley and loses puck.
8:26 of 1st period - Dean Kukan is hit by Adam Erne and loses puck.
8:43 of 1st period - Jack Glover is hit by Martin Frk and loses puck.
8:48 of 1st period - Snap shot by Nick Shore.
8:48 of 1st period - Shot Blocked by Dylan DeMelo.
8:50 of 1st period - Slapshot by Klim Kostin.
8:50 of 1st period - Stopped by Louis Domingue with a rebound.
8:52 of 1st period - Snap shot by Jordan Subban.
8:52 of 1st period - Shot Misses the Net.
8:54 of 1st period - Wrist shot by Nick Shore.
8:54 of 1st period - Stopped by Louis Domingue with a rebound.
9:28 of 1st period - Snap shot by Anton Blidh.
9:28 of 1st period - Goal by Anton Blidh - Condors : 0 - Gulls : 1.
9:29 of 1st period - Logan Brown wins face-off versus Adam Erne in neutral zone.
9:32 of 1st period - Backhand shot by Jakub Vrana.
9:32 of 1st period - Shot Blocked by Alexandre Carrier.
9:34 of 1st period - Slapshot by Logan Brown.
9:34 of 1st period - Deflect By Jakub Vrana.
9:34 of 1st period - Stopped by Stuart Skinner without a rebound.
9:35 of 1st period - Tyson Jost wins face-off versus Anton Blidh in Condors zone.
10:00 of 1st period - Snap shot by Adam Erne.
10:00 of 1st period - Shot Blocked by Scott Wilson.
10:06 of 1st period - Snap shot by Sergey Tolchinsky.
10:06 of 1st period - Stopped by Stuart Skinner with a rebound.
10:24 of 1st period - Snap shot by Mikhail Maltsev.
10:24 of 1st period - Stopped by Stuart Skinner with a rebound.
12:36 of 1st period - Troy Terry is hit by Jordan Subban and loses puck.
12:41 of 1st period - Slapshot by Adam Erne.
12:41 of 1st period - Shot Misses the Net.
12:43 of 1st period - Wrist shot by Adam Erne.
12:43 of 1st period - Shot Misses the Net.
12:45 of 1st period - Snap shot by Adam Erne.
12:45 of 1st period - Shot Misses the Net.
12:47 of 1st period - Snap shot by Tyson Jost.
12:47 of 1st period - Shot Blocked by Tarmo Reunanen.
13:41 of 1st period - Alexandre Carrier is hit by Anton Blidh and loses puck.
13:50 of 1st period - Dylan DeMelo is hit by Nikolai Knyzhov and loses puck.
14:08 of 1st period - Minor Penalty to Philip Broberg for Slashing.
14:09 of 1st period - Nick Shore wins face-off versus Logan Brown in Condors zone.
14:09 of 1st period - Nick Shore is hit by Anton Blidh.
14:14 of 1st period - Wrist shot by Anton Blidh.
14:14 of 1st period - Shot Misses the Net.
16:08 of 1st period - Penalty to Philip Broberg is over, Philip Broberg is back on ice.
16:38 of 1st period - Off-side.
16:39 of 1st period - Tyson Jost wins face-off versus Luke Kunin in neutral zone.
17:23 of 1st period - Snap shot by Mikhail Maltsev.
17:23 of 1st period - Shot Misses the Net.
17:25 of 1st period - Wrist shot by Tarmo Reunanen.
17:25 of 1st period - Stopped by Stuart Skinner with a rebound.
17:27 of 1st period - Slapshot by Tarmo Reunanen.
17:27 of 1st period - Shot Blocked by Klim Kostin.
17:29 of 1st period - Slapshot by Andrei Mironov.
17:29 of 1st period - Deflect By Barrett Hayton.
17:29 of 1st period - Shot Blocked by Nick Shore.
17:29 of 1st period - Puck is out of play.
17:30 of 1st period - Sergey Tolchinsky wins face-off versus Tyson Jost in Condors zone.
17:35 of 1st period - Wrist shot by Sergey Tolchinsky.
17:35 of 1st period - Shot Blocked by Alexandre Carrier.
17:41 of 1st period - Wrist shot by Morgan Frost.
17:41 of 1st period - Shot Blocked by Tyson Jost.
17:45 of 1st period - Wrist shot by Sergey Tolchinsky.
17:45 of 1st period - Shot Hit the Post.
18:05 of 1st period - Slapshot by Luke Kunin.
18:05 of 1st period - Shot Misses the Net.
18:25 of 1st period - Slapshot by Jakub Vrana.
18:25 of 1st period - Shot Misses the Net.
18:27 of 1st period - Snap shot by Anton Blidh.
18:27 of 1st period - Shot Misses the Net.
18:41 of 1st period - Snap shot by Taro Hirose.
18:41 of 1st period - Stopped by Louis Domingue without a rebound.
18:42 of 1st period - Morgan Frost wins face-off versus Taro Hirose in Gulls zone.
18:48 of 1st period - Off-side.
18:49 of 1st period - Morgan Frost wins face-off versus Nick Shore in neutral zone.
18:52 of 1st period - Wrist shot by Sergey Tolchinsky.
18:52 of 1st period - Goal by Sergey Tolchinsky - Condors : 0 - Gulls : 2.
18:53 of 1st period - Tyson Jost wins face-off versus Anton Blidh in neutral zone.
19:00 of 1st period - Wrist shot by Tyson Jost.
19:00 of 1st period - Shot Blocked by Logan Brown.
19:02 of 1st period - Wrist shot by Tyson Jost.
19:02 of 1st period - Goal by Tyson Jost - Condors : 1 - Gulls : 2.
19:03 of 1st period - Logan Brown wins face-off versus Nick Shore in neutral zone.
19:08 of 1st period - Snap shot by Logan Brown.
19:08 of 1st period - Deflect By Evan Bouchard.
19:08 of 1st period - Stopped by Stuart Skinner without a rebound.
19:09 of 1st period - Logan Brown wins face-off versus Nick Shore in Condors zone.
19:36 of 1st period - Slapshot by Sergey Tolchinsky.
19:36 of 1st period - Goal by Sergey Tolchinsky - Condors : 1 - Gulls : 3.
19:37 of 1st period - Yegor Sharangovich wins face-off versus Logan Brown in neutral zone.
Goals for this period are 1 for Condors vs 3 for Gulls.
Shots for this period are 6 for Condors vs 10 for Gulls.
2nd period
0:01 of 2nd period - Logan Brown wins face-off versus Martin Frk in neutral zone.
0:06 of 2nd period - Alexandre Carrier is hit by Anton Blidh and loses puck.
0:15 of 2nd period - Snap shot by Martin Frk.
0:15 of 2nd period - Stopped by Louis Domingue with a rebound.
0:34 of 2nd period - Snap shot by Morgan Frost.
0:34 of 2nd period - Stopped by Stuart Skinner with a rebound.
0:36 of 2nd period - Wrist shot by Scott Wilson.
0:36 of 2nd period - Stopped by Stuart Skinner with a rebound.
1:10 of 2nd period - Alexander Alexeyev is hit by Troy Terry.
1:35 of 2nd period - Wrist shot by Logan Brown.
1:35 of 2nd period - Stopped by Stuart Skinner without a rebound.
1:36 of 2nd period - Logan Brown wins face-off versus Tyson Jost in Condors zone.
1:45 of 2nd period - Wrist shot by Tyson Jost.
1:45 of 2nd period - Stopped by Louis Domingue with a rebound.
1:47 of 2nd period - Slapshot by Jordan Subban.
1:47 of 2nd period - Stopped by Louis Domingue with a rebound.
1:49 of 2nd period - Wrist shot by Yegor Sharangovich.
1:49 of 2nd period - Shot Misses the Net.
1:51 of 2nd period - Snap shot by Adam Erne.
1:51 of 2nd period - Stopped by Louis Domingue with a rebound.
2:01 of 2nd period - Scott Wilson is hit by Klim Kostin and loses puck.
2:32 of 2nd period - Wrist shot by Luke Kunin.
2:32 of 2nd period - Stopped by Stuart Skinner with a rebound.
2:43 of 2nd period - Minor Penalty to Mikhail Maltsev for Delaying the game.
2:44 of 2nd period - Anton Blidh wins face-off versus Nick Shore in Gulls zone.
2:44 of 2nd period - Anton Blidh is hit by Alexandre Carrier.
4:43 of 2nd period - Penalty to Mikhail Maltsev is over, Mikhail Maltsev is back on ice.
5:31 of 2nd period - Backhand shot by Taro Hirose.
5:31 of 2nd period - Stopped by Louis Domingue without a rebound.
5:32 of 2nd period - Scott Wilson wins face-off versus Ryan McLeod in Gulls zone.
5:32 of 2nd period - Scott Wilson is hit by Pontus Holmberg.
5:39 of 2nd period - Minor Penalty to Ryan McLeod for Roughing.
5:40 of 2nd period - Nick Shore wins face-off versus Logan Brown in Condors zone.
5:56 of 2nd period - Snap shot by Logan Brown.
5:56 of 2nd period - Stopped by Stuart Skinner without a rebound.
5:57 of 2nd period - Nick Shore wins face-off versus Logan Brown in Condors zone.
6:10 of 2nd period - Wrist shot by Jakub Vrana.
6:10 of 2nd period - Shot Misses the Net.
7:03 of 2nd period - Snap shot by Morgan Frost.
7:03 of 2nd period - Shot Blocked by Alexander Alexeyev.
7:05 of 2nd period - Wrist shot by Morgan Frost.
7:05 of 2nd period - Stopped by Stuart Skinner with a rebound.
7:07 of 2nd period - Wrist shot by Andrei Mironov.
7:07 of 2nd period - Deflect By Sergey Tolchinsky.
7:07 of 2nd period - Stopped by Stuart Skinner with a rebound.
7:09 of 2nd period - Snap shot by Dean Kukan.
7:09 of 2nd period - Stopped by Stuart Skinner with a rebound.
7:11 of 2nd period - Snap shot by Morgan Frost.
7:11 of 2nd period - Goal by Morgan Frost - Condors : 1 - Gulls : 4.
7:11 of 2nd period - Jaxson Stauber enters game.
7:12 of 2nd period - Logan Brown wins face-off versus Connor Hurley in neutral zone.
7:19 of 2nd period - Snap shot by Logan Brown.
7:19 of 2nd period - Shot Blocked by Evan Bouchard.
7:21 of 2nd period - Snap shot by Jakub Vrana.
7:21 of 2nd period - Goal by Jakub Vrana - Condors : 1 - Gulls : 5.
7:22 of 2nd period - Tyson Jost wins face-off versus Logan Brown in neutral zone.
7:25 of 2nd period - Slapshot by Alexandre Carrier.
7:25 of 2nd period - Stopped by Louis Domingue without a rebound.
7:26 of 2nd period - Tyson Jost wins face-off versus Logan Brown in Gulls zone.
7:37 of 2nd period - Slapshot by Evan Bouchard.
7:37 of 2nd period - Stopped by Louis Domingue with a rebound.
7:39 of 2nd period - Snap shot by Adam Erne.
7:39 of 2nd period - Stopped by Louis Domingue without a rebound.
7:40 of 2nd period - Tyson Jost wins face-off versus Logan Brown in Gulls zone.
7:49 of 2nd period - Snap shot by Tyson Jost.
7:49 of 2nd period - Shot Blocked by Andrei Mironov.
8:07 of 2nd period - Slapshot by Luke Kunin.
8:07 of 2nd period - Shot Misses the Net.
8:11 of 2nd period - Snap shot by Luke Kunin.
8:11 of 2nd period - Stopped by Jaxson Stauber with a rebound.
8:13 of 2nd period - Snap shot by Luke Kunin.
8:13 of 2nd period - Shot Misses the Net.
8:15 of 2nd period - Snap shot by Troy Terry.
8:15 of 2nd period - Shot Misses the Net.
8:17 of 2nd period - Snap shot by Henri Ikonen.
8:17 of 2nd period - Deflect By Luke Kunin.
8:17 of 2nd period - Stopped by Jaxson Stauber without a rebound.
8:18 of 2nd period - Anton Blidh wins face-off versus Nick Shore in Condors zone.
8:31 of 2nd period - Wrist shot by Nick Shore.
8:31 of 2nd period - Stopped by Louis Domingue without a rebound.
8:32 of 2nd period - Sergey Tolchinsky wins face-off versus Nick Shore in Gulls zone.
8:34 of 2nd period - Minor Penalty to Sergey Tolchinsky for Hooking.
8:35 of 2nd period - Nick Shore wins face-off versus Anton Blidh in Gulls zone.
8:38 of 2nd period - Minor Penalty to Martin Frk for Tripping.
8:39 of 2nd period - Nick Shore wins face-off versus Logan Brown in Condors zone.
9:04 of 2nd period - Andrei Mironov is hit by Alexandre Carrier and loses puck.
9:19 of 2nd period - Backhand shot by Troy Terry.
9:19 of 2nd period - Stopped by Jaxson Stauber with a rebound.
10:34 of 2nd period - Penalty to Sergey Tolchinsky is over, Sergey Tolchinsky is back on ice.
10:38 of 2nd period - Penalty to Martin Frk is over, Martin Frk is back on ice.
10:58 of 2nd period - Connor Clifton is hit by Alexandre Carrier and loses puck.
11:34 of 2nd period - Snap shot by Taro Hirose.
11:34 of 2nd period - Deflect By Scott Wilson.
11:34 of 2nd period - Shot Misses the Net.
11:34 of 2nd period - Puck is out of play.
11:35 of 2nd period - Logan Brown wins face-off versus Connor Hurley in Gulls zone.
12:06 of 2nd period - Snap shot by Mikhail Maltsev.
12:06 of 2nd period - Stopped by Jaxson Stauber without a rebound.
12:07 of 2nd period - Barrett Hayton wins face-off versus Tyson Jost in Condors zone.
12:32 of 2nd period - Jordan Subban is hit by Logan Brown and loses puck.
12:45 of 2nd period - Icing by Andrei Mironov.
12:46 of 2nd period - Anton Blidh wins face-off versus Tyson Jost in Gulls zone.
13:07 of 2nd period - Snap shot by Anton Blidh.
13:07 of 2nd period - Stopped by Jaxson Stauber with a rebound.
13:09 of 2nd period - Wrist shot by Jakub Vrana.
13:09 of 2nd period - Stopped by Jaxson Stauber with a rebound.
13:33 of 2nd period - Snap shot by Logan Brown.
13:33 of 2nd period - Shot Misses the Net.
13:35 of 2nd period - Slapshot by Andrei Mironov.
13:35 of 2nd period - Shot Blocked by Alexander Alexeyev.
13:37 of 2nd period - Snap shot by Jakub Vrana.
13:37 of 2nd period - Stopped by Jaxson Stauber without a rebound.
13:38 of 2nd period - Tyson Jost wins face-off versus Morgan Frost in Condors zone.
13:38 of 2nd period - Tyson Jost is hit by Morgan Frost.
13:43 of 2nd period - Alexandre Carrier is hit by Dylan DeMelo and loses puck.
14:28 of 2nd period - Alexandre Carrier is hit by Mikhail Maltsev.
14:55 of 2nd period - Icing by Scott Wilson.
14:56 of 2nd period - Morgan Frost wins face-off versus Tyson Jost in Gulls zone.
15:23 of 2nd period - Morgan Frost is hit by Taro Hirose.
15:33 of 2nd period - Snap shot by Morgan Frost.
15:33 of 2nd period - Stopped by Jaxson Stauber with a rebound.
15:43 of 2nd period - Snap shot by Sergey Tolchinsky.
15:43 of 2nd period - Deflect By Morgan Frost.
15:43 of 2nd period - Shot Misses the Net.
15:43 of 2nd period - Puck is out of play.
15:44 of 2nd period - Tyson Jost wins face-off versus Logan Brown in Condors zone.
16:14 of 2nd period - Slapshot by Troy Terry.
16:14 of 2nd period - Shot Blocked by Evan Bouchard.
16:18 of 2nd period - Wrist shot by Troy Terry.
16:18 of 2nd period - Stopped by Jaxson Stauber with a rebound.
16:20 of 2nd period - Wrist shot by Henri Ikonen.
16:20 of 2nd period - Shot Misses the Net.
16:22 of 2nd period - Snap shot by Henri Ikonen.
16:22 of 2nd period - Shot Misses the Net.
16:38 of 2nd period - Snap shot by Alexandre Carrier.
16:38 of 2nd period - Shot Misses the Net.
16:40 of 2nd period - Slapshot by Alexandre Carrier.
16:40 of 2nd period - Deflect By Cody Glass.
16:40 of 2nd period - Shot Misses the Net.
16:40 of 2nd period - Puck is out of play.
16:41 of 2nd period - Tyson Jost wins face-off versus Logan Brown in Gulls zone.
16:50 of 2nd period - Wrist shot by Tyson Jost.
16:50 of 2nd period - Stopped by Louis Domingue with a rebound.
17:12 of 2nd period - Snap shot by Scott Wilson.
17:12 of 2nd period - Stopped by Jaxson Stauber with a rebound.
18:16 of 2nd period - Minor Penalty to Logan Brown for Holding.
18:17 of 2nd period - Nick Shore wins face-off versus Sergey Tolchinsky in Gulls zone.
18:18 of 2nd period - Snap shot by Adam Erne.
18:18 of 2nd period - Shot Misses the Net.
18:20 of 2nd period - Slapshot by Martin Frk.
18:20 of 2nd period - Goal by Martin Frk - Condors : 2 - Gulls : 5.
18:21 of 2nd period - Logan Brown wins face-off versus Tyson Jost in neutral zone.
18:24 of 2nd period - Adam Erne is hit by Jakub Vrana.
18:40 of 2nd period - Evan Bouchard is hit by Andrei Mironov and loses puck.
18:53 of 2nd period - Snap shot by Martin Frk.
18:53 of 2nd period - Shot Misses the Net.
19:53 of 2nd period - Snap shot by Tyson Jost.
19:53 of 2nd period - Shot Misses the Net.
Goals for this period are 1 for Condors vs 2 for Gulls.
Shots for this period are 11 for Condors vs 20 for Gulls.
3rd period
0:01 of 3rd period - Anton Blidh wins face-off versus Tyson Jost in neutral zone.
0:06 of 3rd period - Slapshot by Anton Blidh.
0:06 of 3rd period - Shot Blocked by Alexandre Carrier.
0:08 of 3rd period - Snap shot by Jakub Vrana.
0:08 of 3rd period - Shot Misses the Net.
0:10 of 3rd period - Wrist shot by Dean Kukan.
0:10 of 3rd period - Deflect By Anton Blidh.
0:10 of 3rd period - Shot Misses the Net.
0:10 of 3rd period - Puck is out of play.
0:11 of 3rd period - Adam Erne wins face-off versus Logan Brown in Condors zone.
0:16 of 3rd period - Snap shot by Tyson Jost.
0:16 of 3rd period - Shot Misses the Net.
0:18 of 3rd period - Slapshot by Evan Bouchard.
0:18 of 3rd period - Stopped by Louis Domingue without a rebound.
0:19 of 3rd period - Tyson Jost wins face-off versus Logan Brown in Gulls zone.
0:28 of 3rd period - Wrist shot by Adam Erne.
0:28 of 3rd period - Shot Misses the Net.
0:30 of 3rd period - Wrist shot by Yegor Sharangovich.
0:30 of 3rd period - Shot Misses the Net.
0:32 of 3rd period - Slapshot by Alexandre Carrier.
0:32 of 3rd period - Deflect By Anton Blidh.
0:32 of 3rd period - Stopped by Louis Domingue with a rebound.
0:34 of 3rd period - Snap shot by Yegor Sharangovich.
0:34 of 3rd period - Stopped by Louis Domingue without a rebound.
0:35 of 3rd period - Nick Shore wins face-off versus Morgan Frost in Gulls zone.
1:00 of 3rd period - Evan Bouchard is hit by Logan Brown and loses puck.
1:27 of 3rd period - Wrist shot by Cody Glass.
1:27 of 3rd period - Shot Blocked by Dylan DeMelo.
1:41 of 3rd period - Snap shot by Dylan DeMelo.
1:41 of 3rd period - Shot Blocked by Alexander Alexeyev.
2:09 of 3rd period - Wrist shot by Martin Frk.
2:09 of 3rd period - Shot Blocked by Andrei Mironov.
2:11 of 3rd period - Wrist shot by Nick Shore.
2:11 of 3rd period - Stopped by Louis Domingue without a rebound.
2:12 of 3rd period - Tyson Jost wins face-off versus Logan Brown in Gulls zone.
2:23 of 3rd period - Wrist shot by Yegor Sharangovich.
2:23 of 3rd period - Shot Blocked by Dean Kukan.
2:25 of 3rd period - Slapshot by Jordan Subban.
2:25 of 3rd period - Shot Blocked by Anton Blidh.
2:37 of 3rd period - Klim Kostin is hit by Andrei Mironov and loses puck.
2:50 of 3rd period - Wrist shot by Scott Wilson.
2:50 of 3rd period - Shot Misses the Net.
3:12 of 3rd period - Slapshot by Dylan DeMelo.
3:12 of 3rd period - Shot Misses the Net.
3:26 of 3rd period - Adam Erne is hit by Henri Ikonen and loses puck.
3:43 of 3rd period - Anton Blidh is hit by Taro Hirose and loses puck.
4:41 of 3rd period - Wrist shot by Luke Kunin.
4:41 of 3rd period - Stopped by Jaxson Stauber with a rebound.
4:43 of 3rd period - Snap shot by Henri Ikonen.
4:43 of 3rd period - Shot Misses the Net.
6:14 of 3rd period - Snap shot by Logan Brown.
6:14 of 3rd period - Shot Misses the Net.
6:16 of 3rd period - Snap shot by Logan Brown.
6:16 of 3rd period - Stopped by Jaxson Stauber without a rebound.
6:17 of 3rd period - Morgan Frost wins face-off versus Tyson Jost in Condors zone.
6:26 of 3rd period - Snap shot by Sergey Tolchinsky.
6:26 of 3rd period - Shot Misses the Net.
6:28 of 3rd period - Slapshot by Tarmo Reunanen.
6:28 of 3rd period - Stopped by Jaxson Stauber without a rebound.
6:29 of 3rd period - Logan Brown wins face-off versus Tyson Jost in Condors zone.
6:56 of 3rd period - Andrei Mironov is hit by Martin Frk and loses puck.
7:05 of 3rd period - Snap shot by Sergey Tolchinsky.
7:05 of 3rd period - Shot Blocked by Jordan Subban.
7:12 of 3rd period - Icing by Martin Frk.
7:13 of 3rd period - Luke Kunin wins face-off versus Connor Hurley in Condors zone.
7:26 of 3rd period - Wrist shot by Luke Kunin.
7:26 of 3rd period - Shot Blocked by Jordan Subban.
7:42 of 3rd period - Slapshot by Nick Shore.
7:42 of 3rd period - Shot Misses the Net.
7:48 of 3rd period - Slapshot by Alexandre Carrier.
7:48 of 3rd period - Shot Misses the Net.
7:50 of 3rd period - Slapshot by Alexandre Carrier.
7:50 of 3rd period - Stopped by Louis Domingue without a rebound.
7:51 of 3rd period - Tyson Jost wins face-off versus Anton Blidh in Gulls zone.
7:52 of 3rd period - Slapshot by Adam Erne.
7:52 of 3rd period - Shot Blocked by Andrei Mironov.
7:54 of 3rd period - Slapshot by Alexandre Carrier.
7:54 of 3rd period - Shot Blocked by Dean Kukan.
7:56 of 3rd period - Snap shot by Evan Bouchard.
7:56 of 3rd period - Shot Misses the Net.
7:58 of 3rd period - Snap shot by Tyson Jost.
7:58 of 3rd period - Shot Misses the Net.
8:02 of 3rd period - Snap shot by Adam Erne.
8:02 of 3rd period - Shot Misses the Net.
8:04 of 3rd period - Slapshot by Adam Erne.
8:04 of 3rd period - Stopped by Louis Domingue without a rebound.
8:05 of 3rd period - Logan Brown wins face-off versus Tyson Jost in Gulls zone.
8:30 of 3rd period - Morgan Frost is hit by Evan Bouchard and loses puck.
8:35 of 3rd period - Snap shot by Martin Frk.
8:35 of 3rd period - Stopped by Louis Domingue without a rebound.
8:36 of 3rd period - Morgan Frost wins face-off versus Nick Shore in Gulls zone.
8:58 of 3rd period - Icing by Alexander Alexeyev.
8:59 of 3rd period - Nick Shore wins face-off versus Logan Brown in Condors zone.
8:59 of 3rd period - Nick Shore is hit by Jakub Vrana.
9:15 of 3rd period - Wrist shot by Yegor Sharangovich.
9:15 of 3rd period - Deflect By Tyson Jost.
9:15 of 3rd period - Shot Blocked by Andrei Mironov.
9:15 of 3rd period - Puck is out of play.
9:16 of 3rd period - Morgan Frost wins face-off versus Nick Shore in Gulls zone.
9:16 of 3rd period - Morgan Frost is hit by Alexandre Carrier.
9:19 of 3rd period - Minor Penalty to Morgan Frost for Tripping.
9:20 of 3rd period - Nick Shore wins face-off versus Logan Brown in Gulls zone.
9:22 of 3rd period - Wrist shot by Adam Erne.
9:22 of 3rd period - Shot Misses the Net.
9:24 of 3rd period - Slapshot by Evan Bouchard.
9:24 of 3rd period - Stopped by Louis Domingue without a rebound.
9:25 of 3rd period - Nick Shore wins face-off versus Logan Brown in Gulls zone.
9:28 of 3rd period - Wrist shot by Martin Frk.
9:28 of 3rd period - Shot Misses the Net.
10:40 of 3rd period - Jack Glover is hit by Nick Shore and loses puck.
10:41 of 3rd period - Jack Glover from Gulls is injured at 10:41 of 3rd period (Torn Right Knee Ligaments).
10:42 of 3rd period - Logan Brown wins face-off versus Nick Shore in Gulls zone.
11:09 of 3rd period - Anton Blidh is hit by Tyson Jost and loses puck.
11:19 of 3rd period - Penalty to Morgan Frost is over, Morgan Frost is back on ice.
12:02 of 3rd period - Pontus Holmberg is hit by Andrei Mironov and loses puck.
12:17 of 3rd period - Connor Clifton is hit by Martin Frk and loses puck.
12:34 of 3rd period - Tarmo Reunanen is hit by Tyson Jost.
12:55 of 3rd period - Troy Terry is hit by Taro Hirose and loses puck.
13:18 of 3rd period - Slapshot by Alexandre Carrier.
13:18 of 3rd period - Shot Blocked by Morgan Frost.
13:20 of 3rd period - Slapshot by Alexandre Carrier.
13:20 of 3rd period - Shot Blocked by Andrei Mironov.
13:22 of 3rd period - Wrist shot by Evan Bouchard.
13:22 of 3rd period - Shot Blocked by Andrei Mironov.
13:24 of 3rd period - Wrist shot by Alexandre Carrier.
13:24 of 3rd period - Stopped by Louis Domingue with a rebound.
13:26 of 3rd period - Backhand shot by Raphael Lavoie.
13:26 of 3rd period - Deflect By Ryan McLeod.
13:26 of 3rd period - Stopped by Louis Domingue with a rebound.
13:28 of 3rd period - Wrist shot by Raphael Lavoie.
13:28 of 3rd period - Stopped by Louis Domingue with a rebound.
13:30 of 3rd period - Wrist shot by Raphael Lavoie.
13:30 of 3rd period - Shot Misses the Net.
14:27 of 3rd period - Wrist shot by Troy Terry.
14:27 of 3rd period - Goal by Troy Terry - Condors : 2 - Gulls : 6.
14:28 of 3rd period - Logan Brown wins face-off versus Tyson Jost in neutral zone.
14:55 of 3rd period - Snap shot by Luke Kunin.
14:55 of 3rd period - Deflect By Troy Terry.
14:55 of 3rd period - Shot Misses the Net.
14:55 of 3rd period - Puck is out of play.
14:56 of 3rd period - Nick Shore wins face-off versus Luke Kunin in Condors zone.
15:11 of 3rd period - Nick Shore is hit by Henri Ikonen.
15:23 of 3rd period - Anton Blidh is hit by Gustav Olofsson.
15:55 of 3rd period - Alexandre Carrier is hit by Dylan DeMelo and loses puck.
16:23 of 3rd period - Gustav Olofsson is hit by Mikhail Maltsev and loses puck.
16:36 of 3rd period - Jordan Subban is hit by Luke Kunin and loses puck.
16:45 of 3rd period - Wrist shot by Troy Terry.
16:45 of 3rd period - Shot Blocked by Nikolai Knyzhov.
16:47 of 3rd period - Snap shot by Troy Terry.
16:47 of 3rd period - Goal by Troy Terry - Condors : 2 - Gulls : 7.
16:48 of 3rd period - Tyson Jost wins face-off versus Logan Brown in neutral zone.
17:01 of 3rd period - Wrist shot by Jakub Vrana.
17:01 of 3rd period - Shot Misses the Net.
17:06 of 3rd period - Minor Penalty to Adam Erne for Hooking.
17:07 of 3rd period - Logan Brown wins face-off versus Yegor Sharangovich in Condors zone.
17:11 of 3rd period - Snap shot by Anton Blidh.
17:11 of 3rd period - Stopped by Jaxson Stauber with a rebound.
17:21 of 3rd period - Snap shot by Nick Shore.
17:21 of 3rd period - Stopped by Louis Domingue with a rebound.
17:23 of 3rd period - Slapshot by Evan Bouchard.
17:23 of 3rd period - Stopped by Louis Domingue with a rebound.
17:50 of 3rd period - Gustav Olofsson is hit by Jakub Vrana and loses puck.
19:06 of 3rd period - Penalty to Adam Erne is over, Adam Erne is back on ice.
19:14 of 3rd period - Slapshot by Gustav Olofsson.
19:14 of 3rd period - Goal by Gustav Olofsson - Condors : 3 - Gulls : 7.
19:15 of 3rd period - Yegor Sharangovich wins face-off versus Luke Kunin in neutral zone.
19:46 of 3rd period - Wrist shot by Martin Frk.
19:46 of 3rd period - Shot Blocked by Logan Brown.
19:48 of 3rd period - Slapshot by Martin Frk.
19:48 of 3rd period - Stopped by Louis Domingue with a rebound.
19:50 of 3rd period - Wrist shot by Nick Shore.
19:50 of 3rd period - Goal by Nick Shore - Condors : 4 - Gulls : 7.
19:51 of 3rd period - Logan Brown wins face-off versus Tyson Jost in neutral zone.
19:58 of 3rd period - Snap shot by Anton Blidh.
19:58 of 3rd period - Shot Misses the Net.
Goals for this period are 2 for Condors vs 2 for Gulls.
Shots for this period are 16 for Condors vs 6 for Gulls.
Output by the SimonT Hockey Simulator (STHS) for Francois Prevost